AoeStats
← Jota

Black Forest

507396681Analyzed
4v4 RM · 13d ago on Sep 18, 2026· 56m 19s· 8 players
Game mode
Random Map
Map size
Large (8 player)
Population
200
Speed
Normal
Resources
Standard
Victory
Conquest
Starting age
Dark Age
Ending age
Imperial Age
RankedLock teamsTeams togetherTeam positionsShared explorationLock speedFull tech treeHidden civsTurbo modeCheats
Victory
Defeat
🇧🇷 Britons · Brazil
701
+12
🇹🇷 Persians · Türkiye
695
+12
🇦🇷 Spanish · Argentina
637
+14
🇦🇷 Bengalis · Argentina
612
+15
🇺🇸 Bohemians · United States
666
-16
🇺🇸 Britons · United States
656
-15
🇺🇸 Portuguese · United States
561
-12
🇺🇸 Spanish · United States
528
-10
Vico
0:39 Loom
12:17 Feudal Age
13:21 Double-Bit Axe
19:07 Castle Age
18:21 Forging
21:00 Horse Collar
23:06 Gold Mining
24:30 Town Watch
25:12 Stone Mining
26:31 Heavy Plow
30:59 Wheelbarrow
34:33 Imperial Age
32:48 Husbandry
33:00 Bloodlines
34:50 Forging
34:45 Heavy Camel Rider
37:34 Iron Casting
37:06 Scale Barding Armor
38:24 Crop Rotation
38:08 Bow Saw
42:52 Blast Furnace
42:29 Light Cavalry
43:58 Chain Barding Armor
44:16 Citadels
44:00 Fletching
44:25 Fervor
44:35 Hussar
47:25 Kamandaran
48:51 Crossbowman
49:45 Bodkin Arrow
52:55 Ballistics
53:45 Parthian Tactics
SiulO1NE
7:57 Loom
14:12 Feudal Age
19:08 Castle Age
16:58 Double-Bit Axe
17:51 Stone Mining
20:24 Horse Collar
24:25 Town Watch
26:01 Wheelbarrow
27:31 Heavy Plow
32:35 Imperial Age
31:08 Gold Mining
32:11 Ballistics
32:26 Bow Saw
33:48 Scale Mail Armor
33:39 Fletching
34:39 Hand Cart
35:08 Conscription
35:17 Yeomen
36:43 Chain Mail Armor
36:40 Forging
37:24 Town Patrol
38:33 Chemistry
37:13 Elite Longbowman
38:07 Squires
38:52 Pikeman
40:05 Plate Mail Armor
39:31 Bodkin Arrow
40:12 Iron Casting
40:06 Padded Archer Armor
43:22 Husbandry
42:43 Light Cavalry
49:12 Bracer
50:13 Blast Furnace
49:20 Scale Barding Armor
53:07 Leather Archer Armor
53:14 Chain Barding Armor
54:15 Treadmill Crane
55:17 Gold Shaft Mining
56:21 Two-Man Saw
56:14 Cavalier
Jota
0:38 Loom
15:58 Feudal Age
16:23 Horse Collar
16:30 Double-Bit Axe
16:37 Gold Mining
16:44 Stone Mining
24:44 Castle Age
25:26 Caravan
25:57 Coinage
26:19 Gold Shaft Mining
25:46 Heavy Plow
28:05 Forging
28:00 Scale Barding Armor
29:21 Bow Saw
30:11 Iron Casting
29:57 Chain Barding Armor
29:53 Fervor
35:24 Imperial Age
35:20 Wheelbarrow
35:51 Town Watch
36:40 Crop Rotation
37:15 Two-Man Saw
37:19 Blast Furnace
36:55 Plate Barding Armor
36:30 Paiks
36:51 Conscription
37:22 Town Patrol
38:36 Elite Battle Elephant
39:35 Bloodlines
39:32 Husbandry
52:47 Hand Cart
Vega
1:56 Loom
11:40 Feudal Age
12:13 Horse Collar
12:39 Double-Bit Axe
17:35 Wheelbarrow
21:48 Castle Age
20:45 Gold Mining
20:46 Stone Mining
21:13 Forging
22:12 Scale Barding Armor
23:13 Husbandry
24:48 Chain Barding Armor
25:34 Heavy Plow
26:51 Bow Saw
27:59 Caravan
31:25 Hand Cart
31:03 Town Watch
34:59 Imperial Age
34:16 Ballistics
33:33 Pikeman
36:12 Bloodlines
36:46 Plate Barding Armor
36:17 Padded Archer Armor
36:39 Onager
38:38 Conscription
39:00 Cavalier
41:25 Chemistry
44:03 Stone Shaft Mining
44:55 Elite Conquistador
IBekson
0:28 Loom
17:20 Feudal Age
18:06 Double-Bit Axe
19:02 Gold Mining
21:31 Stone Mining
24:11 Wheelbarrow
29:57 Castle Age
31:32 Caravan
31:30 Fletching
31:40 Padded Archer Armor
34:20 Thumb Ring
33:37 Crossbowman
33:42 Man-at-Arms
34:08 Arson
34:09 Gambesons
34:23 Bodkin Arrow
34:44 Leather Archer Armor
35:14 Long Swordsman
37:10 Horse Collar
38:51 Stone Shaft Mining
38:33 Bow Saw
41:23 Imperial Age
39:14 Treadmill Crane
39:52 Fortified Wall
43:59 Chemistry
43:23 Ballistics
46:26 Conscription
46:09 Arquebus
45:49 Elite Skirmisher
46:08 Two-Handed Swordsman
47:29 Elite Organ Gun
47:41 Elite Organ Gun
50:55 Champion
54:04 Two-Man Saw
55:24 Bombard Tower
KlNGLUK3
1:14 Loom
12:31 Feudal Age
18:44 Wheelbarrow
19:51 Town Watch
21:58 Horse Collar
23:11 Double-Bit Axe
30:24 Arson
30:53 Gold Mining
35:13 Castle Age
35:13 Stone Mining
36:13 Hand Cart
36:00 Town Patrol
37:01 Bow Saw
36:57 Heavy Plow
36:42 Pikeman
44:23 Imperial Age
43:53 Gambesons
44:09 Squires
48:31 Halberdier
Dumbzie
0:50 Loom
Mr P00pee B H0le
11:56 Feudal Age
16:09 Castle Age
15:10 Double-Bit Axe
15:07 Horse Collar
17:54 Bow Saw
28:30 Imperial Age
26:16 Fervor
26:50 Wheelbarrow
26:17 Loom
27:08 Forging
26:58 Scale Mail Armor
28:06 Chemistry
27:16 Pikeman
28:36 Iron Casting
30:07 Conscription
30:59 Two-Man Saw
30:28 Heavy Plow
31:19 Guilds
31:24 Halberdier
32:06 Squires
32:32 Conscription
32:45 Caravan
34:48 Houfnice
37:16 Blast Furnace
36:32 Chain Mail Armor
38:14 Hand Cart
39:23 Plate Mail Armor
39:04 Siege Engineers
39:51 Wagenburg Tactics
50:42 Arson
Connection lost

Rejoining the realm…

Still unreachable

The connection could not be restored.

Session expired

The server has moved on; the page needs a fresh start.